 Dungeon Crawl Stone Soup version 0.26-a0-43-g20b394c (webtiles) character file.

Game seed: 333033910097114001

109 Ayyar the Sneak (level 4, -6/30 HPs)
             Began as an Octopode Assassin on June 2, 2020.
             Mangled by an ogre
             ... wielding a +0 giant club
              (23 damage)
             ... on level 4 of the Dungeon.
             The game lasted 00:13:37 (3370 turns).

Ayyar the Sneak (Octopode Assassin)                 Turns: 3370, Time: 00:13:38

Health: -6/30      AC:  1    Str: 11    XL:     4   Next: 89%
Magic:  4/4        EV: 13    Int: 13    God:
Gold:   159        SH:  0    Dex: 13    Spells: 3/3 levels left

rFire    . . .     SeeInvis .   a - +2 dagger
rCold    . . .     Gourm    .   (no shield)
rNeg     . . .     Faith    .   (helmet restricted)
rPois    .         Spirit   .   (no amulet)
rElec    .         Reflect  .   (no ring)
rCorr    .         Harm     .   (no ring)
MR       .....                  (no ring)
Stlth    ++++......             (no ring)
HPRegen  0.10/turn              (no ring)
MPRegen  0.09/turn              (no ring)
                                (no ring)
                                (no ring)

@: no status effects
A: almost no armour, stealthy swim, amphibious, 8 rings, constrict 8, camouflage
1, gelatinous body 1
a: no special abilities


You were on level 4 of the Dungeon.
You were hungry.

You visited 1 branch of the dungeon, and saw 4 of its levels.

You collected 159 gold pieces.

Inventory:

Hand Weapons
 a - a +2 dagger (weapon)
Missiles
 c - 2 curare-tipped darts
 f - a poisoned dart (quivered)
Jewellery
 g - a +6 ring of intelligence {unknown}
 r - an uncursed ring of protection from cold {unknown}
Wands
 u - a wand of flame (16)
 v - a wand of digging (4)
Scrolls
 e - a scroll of identify {unknown}
 i - 2 scrolls of remove curse
 j - a scroll of magic mapping
 k - a scroll of blinking {unknown}
 l - a scroll of teleportation {unknown}
 n - a scroll of enchant weapon {unknown}
 q - a scroll of amnesia {unknown}
Potions
 b - 2 potions of brilliance {unknown}
 h - 2 potions of berserk rage {unknown}
 m - 3 potions of flight {unknown}
 o - 2 potions of haste {unknown}
 p - 2 potions of curing {unknown}
 t - 2 potions of mutation {unknown}
Comestibles
 d - 6 rations
 s - 3 chunks of flesh


   Skills:
 + Level 2.8 Fighting
 + Level 2.7 Short Blades
 + Level 2.8 Throwing
 + Level 2.0 Dodging
 + Level 6.0 Stealth


You had 3 spell levels left.
You didn't know any spells.
Your spell library contained the following spells:

 Spells                   Type           Power        Failure   Level  Hunger
 Confusing Touch          Hex            #.......     67%         3    ####...
 Gell's Gravitas          Tloc           #.........   67%         3    ####...
 Petrify                  Tmut/Erth      #.......     97%         4    #####..
 Metabolic Englaciation   Hex/Ice        #.........   100%        5    ######.
 Yara's Violent Unravell  Hex/Tmut       #.........   100%        5    ######.


Dungeon Overview and Level Annotations

Branches:
Dungeon (4/15)
 Temple: D:4-7

Altars:


Innate Abilities, Weirdness & Mutations

You cannot wear most types of armour.
You are very stealthy in the water. (Stealth+)
You are amphibious.
You can wear up to eight rings at the same time.
You can use your tentacles to constrict eight enemies at once.
Your skin changes colour to match your surroundings (Stealth+).
Your rubbery body absorbs attacks. (AC +1, EV +1)


Message History

You constrict the orc, but do no damage.
You release your grip on the orc.
You hit the orc but do no damage. You grab the orc. You squeeze the orc.
The orc is severely wounded.
You constrict the orc, but do no damage.
The orc hits you.
You hit the orc.
The orc is almost dead.
You constrict the orc.
You kill the orc!
There is a stone staircase leading down here.
Some of the chunks of flesh in your inventory have rotted away.
The ogre closely misses you.
There is an escape hatch in the floor here.
The ogre hits you with a +0 giant club!
There is a stone staircase leading up here.
You are feeling hungry.
The ogre hits you with a +0 giant club!!
Ouch! That really hurt!
You die...

*,,,,+,,,,,,,,,,,,,###>#
#####
******,,,,,***######.#.#
*,,,,,,,,,* #...(..#.#
*,,,,,,,,,* ####.#.#.#
*,,,,,,,,,* #....#...###
*,,,,,,,,,*
##..........#
*,,,,,,,,,*
#..>#.#.###.#
*,,,,,,,,,*
#.O##.#####.#
*,,,,,,,,,*
#.<@$.....#,#
*,,,,,,,,,*
#######.#.#,*
*,,,,,,,,,* *.#,,,*
*,,,,,,,,,* *,#****
*********** ***


You could see an ogre.

Vanquished Creatures
  A worker ant (D:2)
  A dart slug (D:1)
  4 worms
  A leopard gecko (D:2)
  2 orcs
  2 ball pythons (D:2)
  3 giant cockroaches
  9 goblins
  7 hobgoblins
  5 jackals
  3 quokkas
  11 bats
  6 frilled lizards
  3 kobolds
  11 rats
69 creatures vanquished.

Notes
Turn   | Place    | Note
-------+----------+-------------------------------------------
     0 | D:1      | Ayyar the Octopode Assassin began the quest for the Orb.
     0 | D:1      | Reached XP level 1. HP: 14/14 MP: 1/1
   207 | D:1      | Reached XP level 2. HP: 19/19 MP: 2/2
   672 | D:1      | Reached XP level 3. HP: 16/24 MP: 3/3
  1691 | D:2      | Reached XP level 4. HP: 22/30 MP: 4/4
  2405 | D:3      | Reached skill level 6 in Stealth
  3236 | D:4      | Noticed an ogre
  3338 | D:4      | Noticed an ogre
  3370 | D:4      | Mangled by an ogre

Illustrated notes

Levels and vault maps discovered:
D:1:      minmay_arrival_plants_in_alcoves, layout_basic,
          corexii_item_surrounded_by_moat
D:2:      layout_basic
D:3:      layout_loops_corners, corexii_hall_statues_i, kennysheep_potato
D:4:      layout_basic, first_ration, uniq_ijyb

Skill      XL: |  1  2  3  4 |
---------------+-------------+-----
Stealth        | 6 |  6.0
Dodging        | 2 |  2.0
Fighting       | |  2.8
Short Blades   | |  2.7
Throwing       | |  2.8

Action                   |  1- 3 |  4- 6 || total
-------------------------+-------+-------++-------
Melee: Dagger            |    58 |    60 ||   118
       Constrict         |    11 |    13 ||    24
       Tentacles         |    12 |     6 ||    18
Throw: Dart              |    50 |     2 ||    52
  Use: Scroll            |       |     2 ||     2
 Stab: Sleeping          |     6 |     6 ||    12
  Eat: Chunk             |     2 |     5 ||     7
Armor: Skin              |     6 |     3 ||     9
Dodge: Dodged            |    48 |    33 ||    81

Table legend:
 A = Non-vault XP
 B = Vault XP
 C = Vault XP percentage of total XP
 D = Non-vault monster count
 E = Vault monster count
 F = Vault count percentage of total count
                 A         B        C        D         E       F
            +---------+---------+-------+---------+---------+-------
      Total |     153 |       3 |   1.9 |      67 |       2 |   2.9
            +---------+---------+-------+---------+---------+-------
        D:1 |      39 |       0 |   0.0 |      23 |       0 |   0.0
        D:2 |      66 |       0 |   0.0 |      21 |       0 |   0.0
        D:3 |      38 |       3 |   7.3 |      20 |       2 |   9.1
        D:4 |      10 |       0 |   0.0 |       3 |       0 |   0.0
            +---------+---------+-------+---------+---------+-------
